 Dungeon Crawl Stone Soup version 0.20.0-10-g0535bb4 (webtiles) character file.

182988 skittles the Geomancer (level 17, -4/162 HPs)
             Began as a Green Draconian Fire Elementalist on June 7, 2017.
             Was the Champion of Vehumet.
             Slain by a wolf spider (22 damage)
             ... on level 2 of the Spider Nest.
             The game lasted 04:35:35 (50073 turns).

skittles the Geomancer (DrFE)                      Turns: 50073, Time: 04:35:35

Health: -4/162     AC: 15    Str:  7 (8)  XL:     17   Next: 73%
Magic:  7/42       EV: 18    Int: 19      God:    Vehumet [******]
Gold:   3131       SH:  0    Dex: 11      Spells: 1/41 levels left

rFire    . . .     SeeInvis .   a - +6 triple sword (slice)
rCold    . . .     Gourm    .   (shield currently unavailable)
rNeg     + + +     Faith    .   (armour unavailable)
rPois    +         Spirit   .   i - +2 hat
rElec    +         Reflect  .   v - +0 cloak
rCorr    .         Harm     .   U - +2 pair of gloves of Curiosity {rN+}
MR       +....                  (no boots)
Stlth    ++........             s - amulet of magic regeneration
Regen    0.4/turn               B - ring "Guugivuz" {rElec rPois rN+++ Str-5 Int-2}
MPRegen  0.5/turn               R - ring of magical power

@: no status effects
A: breathe noxious fumes, unfitting armour, stinger 1, poison resistance, robust
1, cold-blooded, AC +9
a: Breathe Noxious Fumes, Renounce Religion


You were on level 2 of the Spider Nest.
You worshipped Vehumet.
Vehumet was exalted by your worship.
You were hungry.

You visited 6 branches of the dungeon, and saw 28 of its levels.
You also visited: Ice Cave.

You collected 3131 gold pieces.

Inventory:

Hand Weapons
 a - a +6 triple sword of slicing (weapon)
 f - a +3 scimitar of flaming
 F - a +2 great sword of holy wrath
 G - a +3 rapier of electrocution
 K - a +2 glaive of freezing
Armour
 i - a +2 hat (worn)
 v - a +0 cloak (worn)
 U - the +2 pair of gloves of Curiosity (worn) {rN+}
   (You found it on level 9 of the Dungeon)

   It protects you from negative energy.
Magical Staves
 b - an uncursed staff of energy
 c - an uncursed staff of earth
Jewellery
 j - a +3 ring of protection
 s - an amulet of magic regeneration (around neck)
 u - an uncursed ring of protection from fire
 B - the ring "Guugivuz" (left hand) {rElec rPois rN+++ Str-5 Int-2}
   (You found it on level 4 of the Lair of Beasts)

   [ring of intelligence]

   It affects your strength (-5).
   It affects your intelligence (-2).
   It insulates you from electricity.
   It protects you from poison.
   It renders you almost immune to negative energy.
 R - a ring of magical power (right hand)
 S - an uncursed ring of resist corrosion
Wands
 H - a wand of scattershot (5/9)
Scrolls
 d - a scroll of summoning
 e - a scroll of identify
 g - 7 scrolls of remove curse
 m - 2 scrolls of enchant armour
 n - 3 scrolls of fear
 t - a scroll of vulnerability
 A - a scroll of amnesia
 C - 2 scrolls of fog
 E - a scroll of teleportation
 T - 5 scrolls of magic mapping
 X - a scroll of recharging
Potions
 l - 9 potions of curing
 o - 4 potions of brilliance
 p - 2 potions of cancellation
 q - 12 potions of lignification
 r - 3 potions of haste
 w - 2 potions of resistance
 x - a potion of mutation
 z - 2 potions of heal wounds
 D - 3 potions of flight
 Y - a potion of magic
Books
 h - a book of Maledictions

   Spells                             Type                      Level
   a - Corona                         Hexes                        1
   b - Ensorcelled Hibernation        Hexes/Ice                    2
   c - Confuse                        Hexes                        3
   d - Tukima's Dance                 Hexes                        3
   e - Dazzling Spray                 Conjuration/Hexes            3
Miscellaneous
 y - a fan of gales
 L - a phial of floods
Comestibles
 k - 14 royal jellies
 I - a chunk of flesh


   Skills:
 - Level 12.4 Fighting
 + Level 10.9 Long Blades
 + Level 11.8 Dodging
 - Level 1.7 Stealth
 - Level 12.6 Spellcasting
 + Level 13.9 Conjurations
 + Level 13.9 Fire Magic
 - Level 14.2 Earth Magic


You had one spell level left.
You knew the following spells:

 Your Spells              Type           Power        Failure   Level  Hunger
a - Bolt of Fire          Conj/Fire      ######....   1%          6    ######.
b - Conjure Flame         Conj/Fire      ######..     1%          3    None
c - Orb of Destruction    Conj           ######....   4%          7    #######
d - Fireball              Conj/Fire      ######....   1%          5    ####...
e - Magic Dart            Conj           ####         0%          1    None
f - Flame Tongue          Conj/Fire      #####        0%          1    None
g - Iron Shot             Conj/Erth      ######....   1%          6    ######.
h - Ignite Poison         Fire/Tmut/Pois ####....     1%          3    None
i - Blink                 Tloc           N/A          9%          2    None
j - Iskenderun's Battles  Conj/Chrm      #####...     2%          5    ####...
k - Sting                 Conj/Pois      ####         1%          1    None


Dungeon Overview and Level Annotations

Branches:
Dungeon (15/15)            Temple (1/1) D:7            Lair (6/6) D:8
 Shoals (0/4) Lair:2       Spider (2/4) Lair:2        Slime (0/5) Lair:6
    Orc (2/2) D:11            Elf (2/3) Orc:2        Vaults (0/5) D:13
 Depths (0/5) D:15

Altars:
Ashenzari
Cheibriados
Dithmenos
Elyvilon
Fedhas
Gozag
Hepliaklqana
Kikubaaqudgha
Makhleb
Nemelex Xobeh
Okawaru
Qazlal
Ru
Sif Muna
Trog
Uskayaw
Vehumet
Xom
Yredelemnul
Zin
The Shining One
Beogh

Shops:
D:10 !   D:15 ?   Orc:2 %%}(

Annotations:
Spider:2 Arachne
Elf:2 exclusion: orange crystal statue


Innate Abilities, Weirdness & Mutations

You can breathe blasts of noxious fumes.
Your lurid green scales are hard. (AC +9)
You cannot fit into any form of body armour.
Your tail ends in a poisonous barb.
Your system is resistant to poisons. (rPois)
You are cold-blooded and may be slowed by cold attacks.
You are robust. (+10% HP)


Message History

You feel sick.
The jumping spider leaps!
You feel sick.
The jumping spider leaps!
You feel better. The wolf spider hits you!
* * * LOW HITPOINT WARNING * * *
The wolf spider bites you but does no damage.
The wolf spider hits you.
* * * LOW HITPOINT WARNING * * *
The wolf spider closely misses you. The wolf spider barely misses you.
You riposte.
You closely miss the wolf spider.
Your tail-slap misses the wolf spider.
The wolf spider is heavily wounded.
The wolf spider bites you.
* * * LOW HITPOINT WARNING * * *
You are poisoned.
The wolf spider poisons you!
You feel better. The wolf spider hits you!
* * * LOW HITPOINT WARNING * * *
The wolf spider bites you but does no damage.
The wolf spider hits you!!
You die...

###...#.......##
#.*..##.......####
#.......#........##
###.....#........^###
########s.......#.##
##....#..........>##
#^.................### ####
#......s..#...(.....### ...#
##..^..@..............## ...#
#......................#
...########.#......######†......#
...##.....###......#....#.......#
...#.......^...................##
...#........>.................?.#
...#..^###.................##....
...##..##...|..............# ####
...#...##.................##


You could see a wolf spider and a jumping spider.

Vanquished Creatures
  Saint Roka (Orc:2)
  Nikola (Spider:1)
  Rupert (D:13)
  Gastronok (Lair:1)
  A deep elf sorcerer (Elf:1)
  A frost giant (IceCv)
  2 orc warlords (Orc:2)
  2 deep elf elementalists (Elf:1)
  A stone giant (Orc:1)
  Nessos (Orc:2)
  Azrael (Orc:2)
  2 entropy weavers
  An ettin (Orc:2)
  Snorg (Orc:2)
  2 fire dragons (Lair:6)
  The ghost of Yermak the Cleaver, a journeyman DDGl of Makhleb (D:10)
  2 ice dragons (D:15)
  8 hydras
  3 ogre magi (D:15)
  3 centaur warriors
  17 two-headed ogres
  5 dancing weapons
  9 death yaks
  A queen ant (Lair:2)
  Sonja (D:15)
  5 orc high priests (Orc:2)
  10 deep elf knights (Elf:1)
  The ghost of asdasd2 the Cleaver, a novice MiFi (D:6)
  A fire crab (Lair:6)
  An iron troll (D:13)
  2 unseen horrors
  4 lindwurms (Lair:4)
  3 orc knights (Orc:2)
  7 orb spiders
  6 deep elf archers (Elf:1)
  2 cyclopes
  34 deep elf magi
  9 ugly things (D:15)
  4 orc sorcerers (Orc:2)
  8 wolf spiders
  5 manticores
  An ice statue (IceCv)
  18 elephants
  2 centaur zombies
  2 molten gargoyles (Lair:6)
  10 black mambas
  2 torpor snails
  12 spiny frogs
  2 gargoyles
  7 rime drakes
  A rime drake (shapeshifter) (D:13)
  10 komodo dragons
  A kobold demonologist (D:12)
  2 efreet (D:15)
  A freezing wraith (D:15)
  6 demonic crawlers
  11 polar bears
  6 trolls
  20 jumping spiders
  Grinder (D:6)
  3 slime creatures (D:11)
  15 blink frogs
  12 hippogriffs
  2 air elementals (Elf:1)
  20 tarantellas
  52 redbacks
  Sigmund (D:5)
  3 wraiths
  A shadow (D:14)
  A vampire (D:15)
  5 wyverns
  11 steam dragons
  2 water elementals
  67 yaks
  4 fire elementals
  4 basilisks
  2 vampire mosquitoes (D:14)
  A hungry ghost (D:13)
  4 soldier ants (Lair:2)
  4 wargs
  5 hell hounds
  25 water moccasins
  5 porcupines
  A hornet zombie (D:15)
  4 sky beasts
  12 ice beasts
  52 orc warriors
  7 black bears
  2 phantoms
  An eye of draining (D:13)
  30 ogres
  20 centaurs
  15 wolves
  16 crocodiles
  A big kobold (D:7)
  19 bullfrogs
  2 gnoll sergeants
  2 earth elementals
  3 scorpions
  9 killer bees
  14 wights
  7 howler monkeys
  An electric eel (Lair:5)
  5 lava snakes (Lair:6)
  9 crimson imps
  2 bullfrog zombies
  9 hounds
  2 centaur skeletons
  A jelly (D:10)
  22 orc wizards
  4 bullfrog skeletons
  A gnoll shaman (D:6)
  35 orc priests
  3 iguanas
  43 worker ants
  A worker ant zombie (D:9)
  19 gnolls
  20 adders
  5 shadow imps
  2 oozes
  2 adder skeletons
  4 worms
  5 dart slugs
  8 leopard geckos
  145 orcs
  2 ball pythons (D:4)
  7 bats
  3 giant cockroaches
  16 hobgoblins
  10 jackals
  21 kobolds
  8 quokkas
  3 frilled lizards
  13 goblins
  A jackal skeleton (D:7)
  A jackal zombie (D:5)
  A quokka skeleton (D:6)
  A quokka zombie (D:6)
  5 rats
1192 creatures vanquished.

Vanquished Creatures (others)
  An entropy weaver (Spider:1)
  A polar bear (IceCv)
  A jumping spider (Spider:1)
  2 redbacks
  7 wolves (IceCv)
  An orc priest (D:7)
  4 orcs (D:7)
  17 fungi
  3 plants (Lair:6)
37 creatures vanquished.

Grand Total: 1229 creatures vanquished

Notes
Turn   | Place    | Note
-------+----------+-------------------------------------------
     0 | D:1      | skittles the Draconian Fire Elementalist began the quest for the Orb.
     0 | D:1      | Reached XP level 1. HP: 14/14 MP: 3/3
    56 | D:1      | Found a glowing golden altar of the Shining One.
   360 | D:1      | Reached XP level 2. HP: 13/20 MP: 3/5
   813 | D:2      | Reached XP level 3. HP: 24/26 MP: 6/6
   893 | D:2      | Learned a level 3 spell: Conjure Flame
  1482 | D:2      | Reached XP level 4. HP: 32/33 MP: 7/7
  2112 | D:3      | Found a shimmering altar of Xom.
  2373 | D:3      | Reached skill level 1 in Fighting
  2373 | D:3      | Reached XP level 5. HP: 9/40 MP: 2/8
  2650 | D:3      | Found a sacrificial altar of Ru.
  3140 | D:3      | Reached XP level 6. HP: 33/48 MP: 1/9
  3371 | D:3      | Learned a level 4 spell: Sticky Flame
  4042 | D:4      | Your scales start taking on a lurid green colour.
  4042 | D:4      | Reached XP level 7. HP: 56/57 MP: 5/11
  4042 | D:4      | Gained mutation: Your system is resistant to poisons. (rPois) [Green Draconian growth]
  4352 | D:5      | Entered Level 5 of the Dungeon
  4624 | D:4      | Reached skill level 5 in Fire Magic
  5099 | D:4      | Learned a level 5 spell: Fireball
  5361 | D:4      | Gained mutation: You passively map a small area around you. [potion of mutation]
  5361 | D:4      | Gained mutation: You have sharp toenails. [potion of mutation]
  5509 | D:5      | Found a burning altar of Makhleb.
  5629 | D:5      | Reached XP level 8. HP: 57/66 MP: 13/13
  5650 | D:5      | Found a blossoming altar of Fedhas.
  5664 | D:5      | Reached skill level 5 in Conjurations
  5977 | D:5      | Learned a level 1 spell: Magic Dart
  6177 | D:5      | Lost mutation: You have sharp toenails. [potion of mutation]
  6177 | D:5      | Gained mutation: Your tail ends in a poisonous barb. [potion of mutation]
  6177 | D:5      | Gained mutation: Your flesh is heat resistant. (rF+) [potion of mutation]
  6232 | D:5      | Noticed Sigmund
  6245 | D:5      | Killed Sigmund
  7275 | D:6      | Reached skill level 5 in Fighting
  7701 | D:6      | Noticed Grinder
  7724 | D:6      | Noticed asdasd2's ghost (novice MiFi)
  7804 | D:6      | Killed asdasd2's ghost
  7804 | D:6      | Reached skill level 5 in Dodging
  7804 | D:6      | Reached skill level 5 in Spellcasting
  7804 | D:6      | Reached XP level 9. HP: 44/75 MP: 6/16
  8371 | D:6      | Killed Grinder
  8498 | D:6      | Found a bloodstained altar of Trog.
  8646 | D:7      | Found a staircase to the Ecumenical Temple.
  8654 | Temple   | Entered the Ecumenical Temple
  9644 | D:7      | Found a radiant altar of Vehumet.
  9788 | D:7      | Reached XP level 10. HP: 57/84 MP: 2/19
  9861 | D:7      | Became a worshipper of Vehumet
 10432 | D:7      | Lost mutation: You passively map a small area around you. [potion of mutation]
 10432 | D:7      | Lost mutation: Your flesh is heat resistant. (rF+) [potion of mutation]
 10432 | D:7      | Lost mutation: Your tail ends in a poisonous barb. [potion of mutation]
 10432 | D:7      | Gained mutation: You evolve. [potion of mutation]
 10432 | D:7      | Gained mutation: You are robust. (+10% HP) [potion of mutation]
 10790 | D:8      | Reached * piety under Vehumet
 10790 | D:8      | Offered knowledge of Sting by Vehumet.
 10793 | D:8      | Learned a level 1 spell: Sting
 10796 | D:8      | Learned a level 2 spell: Blink
 10858 | D:8      | Found a staircase to the Lair.
 11355 | D:8      | Noticed a two-headed ogre
 11357 | D:8      | Noticed a two-headed ogre
 11370 | D:8      | Killed a two-headed ogre
 11385 | D:8      | Killed a two-headed ogre
 11519 | D:8      | Lost mutation: You are robust. (+10% HP) [evolution]
 11794 | D:9      | Reached XP level 11. HP: 63/94 MP: 12/21
 12147 | D:9      | Got a pair of brightly glowing gloves
 12170 | D:9      | Identified the +2 pair of gloves of Curiosity {rN+} (You found it on level 9 of the Dungeon)
 12203 | D:9      | Reached ** piety under Vehumet
 12208 | D:9      | Offered knowledge of Freeze by Vehumet.
 12453 | D:9      | Noticed a two-headed ogre
 12466 | D:9      | Killed a two-headed ogre
 12671 | D:9      | Found a shadowy altar of Dithmenos.
 12689 | D:9      | Found a stormy altar of Qazlal.
 12736 | D:9      | Noticed a two-headed ogre
 12745 | D:9      | Killed a two-headed ogre
 12978 | D:10     | Entered Level 10 of the Dungeon
 13005 | D:10     | Lost mutation: You evolve. [potion of mutation]
 13005 | D:10     | Gained mutation: Your large and strong wings let you fly indefinitely. [potion of mutation]
 13005 | D:10     | Gained mutation: You have sharp toenails. [potion of mutation]
 13066 | D:10     | Found Okhax's Distillery.
 13119 | D:10     | Noticed Yermak's ghost (journeyman DDGl)
 13772 | D:10     | Lost mutation: You have sharp toenails. [potion of mutation]
 13772 | D:10     | Gained mutation: You occasionally shout uncontrollably at your foes. [potion of mutation]
 13772 | D:10     | Gained mutation: Your body sometimes deteriorates upon taking damage. [potion of mutation]
 13772 | D:10     | Gained mutation: Your natural rate of healing is unusually fast. [potion of mutation]
 14147 | D:11     | Noticed a two-headed ogre
 14155 | D:11     | Offered knowledge of Ignite Poison by Vehumet.
 14160 | D:11     | Killed a two-headed ogre
 14378 | D:11     | Reached *** piety under Vehumet
 14459 | D:11     | Found a staircase to the Orcish Mines.
 15100 | D:11     | Noticed an eight-headed hydra
 15109 | D:11     | Killed an eight-headed hydra
 15125 | D:11     | Learned a level 3 spell: Ignite Poison
 15559 | D:12     | Noticed a deep elf mage
 15563 | D:12     | Noticed a two-headed ogre
 15574 | D:11     | Killed a deep elf mage
 15574 | D:11     | Offered knowledge of Airstrike by Vehumet.
 15612 | D:12     | Killed a two-headed ogre
 15667 | D:12     | Reached XP level 12. HP: 97/105 MP: 24/24
 15841 | D:12     | Reached **** piety under Vehumet
 15941 | D:12     | Offered knowledge of Bolt of Magma by Vehumet.
 16033 | D:12     | Found a frozen archway.
 16039 | D:12     | Reached skill level 10 in Fighting
 16056 | IceCv    | Entered an ice cave
 16610 | IceCv    | Reached skill level 10 in Fire Magic
 16801 | IceCv    | Reached skill level 10 in Conjurations
 16858 | IceCv    | Noticed a death yak
 16858 | IceCv    | Noticed a death yak
 16858 | IceCv    | Noticed a death yak
 16901 | IceCv    | Killed a death yak
 17106 | IceCv    | Killed a death yak
 17109 | IceCv    | Killed a death yak
 17542 | IceCv    | Noticed a death yak
 17542 | IceCv    | Noticed a frost giant
 17551 | IceCv    | Killed a death yak
 17563 | IceCv    | Killed a frost giant
 17563 | IceCv    | Reached ***** piety under Vehumet
 17563 | IceCv    | Offered knowledge of Fulminant Prism by Vehumet.
 17588 | IceCv    | Reached XP level 13. HP: 98/115 MP: 6/25
 18450 | D:13     | Noticed Rupert
 18459 | D:13     | Paralysed by Rupert for 5 turns
 18464 | D:13     | Killed Rupert
 18464 | D:13     | Reached skill level 10 in Dodging
 18997 | D:13     | Reached skill level 1 in Long Blades
 19733 | Lair:1   | Entered Level 1 of the Lair of Beasts
 19756 | Lair:1   | Learned a level 3 spell: Mephitic Cloud
 20164 | Lair:1   | Noticed Gastronok
 20196 | Lair:1   | Killed Gastronok
 21228 | Lair:2   | Found a hole to the Spider Nest.
 21606 | Lair:2   | Offered knowledge of Iskenderun's Battlesphere by Vehumet.
 21613 | Lair:2   | Learned a level 5 spell: Iskenderun's Battlesphere
 21683 | Lair:2   | Found a staircase to the Shoals.
 22468 | Lair:2   | Gained mutation: Your tail ends in a poisonous barb. [Green Draconian growth]
 22468 | Lair:2   | Reached XP level 14. HP: 99/126 MP: 21/26
 23274 | Lair:3   | Found a white marble altar of Elyvilon.
 23493 | Lair:3   | Found a hide-covered altar of Uskayaw.
 23689 | Lair:3   | Reached skill level 5 in Long Blades
 24410 | Lair:4   | Got a sparkling lapis lazuli ring
 24421 | Lair:4   | Identified the cursed ring "Guugivuz" {rElec rPois rN+++ Str-5 Int-2} (You found it on level 4 of the Lair of Beasts)
 26169 | Lair:6   | Entered Level 6 of the Lair of Beasts
 26945 | Lair:5   | Offered knowledge of Irradiate by Vehumet.
 27920 | Lair:6   | Found a large runed door.
 27920 | Lair:6   | Found a large runed door.
 28403 | Lair:6   | Reached skill level 10 in Spellcasting
 28415 | Lair:6   | Reached XP level 15. HP: 132/132 MP: 3/29
 28675 | Lair:6   | Learned a level 4 spell: Throw Icicle
 28744 | Lair:6   | Found a staircase to the Slime Pits.
 30188 | Orc:1    | Entered Level 1 of the Orcish Mines
 31546 | Orc:1    | Offered knowledge of Iron Shot by Vehumet.
 31819 | Orc:2    | Entered Level 2 of the Orcish Mines
 31980 | Orc:2    | Noticed Azrael
 32000 | Orc:1    | Learned a level 6 spell: Iron Shot
 32264 | D:10     | Killed Yermak's ghost
 32620 | Orc:2    | Killed Azrael
 32620 | Orc:2    | Reached skill level 1 in Earth Magic
 32778 | Orc:2    | Noticed Saint Roka
 32871 | Orc:1    | You are sucked into a shaft!
 32876 | Orc:2    | Noticed Snorg
 32884 | Orc:2    | Killed Snorg
 33137 | Orc:2    | Reached skill level 2 in Earth Magic
 33213 | Orc:2    | Noticed Nessos
 33259 | Orc:2    | Killed Nessos
 33259 | Orc:2    | Reached skill level 3 in Earth Magic
 33563 | Orc:2    | Reached skill level 4 in Earth Magic
 33943 | Orc:2    | Killed Saint Roka
 33943 | Orc:2    | Reached skill level 7 in Earth Magic
 34024 | Orc:2    | Lost mutation: Your body sometimes deteriorates upon taking damage. [potion of mutation]
 34024 | Orc:2    | Lost mutation: You occasionally shout uncontrollably at your foes. [potion of mutation]
 34024 | Orc:2    | Lost mutation: Your natural rate of healing is unusually fast. [potion of mutation]
 34024 | Orc:2    | Lost mutation: Your large and strong wings let you fly indefinitely. [potion of mutation]
 34024 | Orc:2    | Gained mutation: You are robust. (+10% HP) [potion of mutation]
 34024 | Orc:2    | Gained mutation: You evolve. [potion of mutation]
 34377 | Orc:1    | Reached skill level 8 in Earth Magic
 34804 | Orc:2    | Found a roughly hewn altar of Beogh.
 34896 | Orc:2    | Noticed an orc warlord
 34900 | Orc:2    | Killed an orc warlord
 34901 | Orc:2    | Found Vewn's Food Boutique.
 34920 | Orc:2    | Reached skill level 9 in Earth Magic
 34959 | Orc:2    | Found Kopruz's Food Shop.
 35092 | Orc:2    | Reached skill level 10 in Earth Magic
 35262 | Orc:2    | Noticed an orc warlord
 35385 | Orc:2    | Killed an orc warlord
 35610 | Orc:2    | Lost mutation: You evolve. [evolution]
 35844 | Orc:2    | Reached skill level 11 in Earth Magic
 35991 | Orc:2    | Reached ****** piety under Vehumet
 35994 | Orc:2    | Offered knowledge of Bolt of Fire by Vehumet.
 36153 | Orc:2    | Found Epay's Weapon Shop.
 36209 | Orc:2    | Found a roughly hewn altar of Beogh.
 36402 | Orc:2    | Found Huel's Gadget Emporium.
 36582 | Orc:2    | Found a staircase to the Elven Halls.
 36622 | Orc:2    | Reached XP level 16. HP: 115/152 MP: 19/30
 37403 | D:13     | Learned a level 6 spell: Bolt of Fire
 37461 | D:13     | Found a gate to the Vaults.
 38648 | D:15     | Entered Level 15 of the Dungeon
 38885 | D:15     | Reached skill level 12 in Earth Magic
 39183 | D:15     | Found Vakhlap's Magic Scroll Shoppe.
 39220 | D:15     | Noticed Sonja
 39227 | D:15     | Killed Sonja
 39513 | D:15     | Offered knowledge of Orb of Destruction by Vehumet.
 40272 | D:15     | Reached skill level 10 in Long Blades
 41080 | D:15     | Found a staircase to the Depths.
 41341 | Elf:1    | Entered Level 1 of the Elven Halls
 41480 | Elf:1    | Found a radiant altar of Vehumet.
 41861 | Elf:1    | Reached skill level 13 in Earth Magic
 43322 | Elf:1    | Learned a level 7 spell: Orb of Destruction
 43346 | Elf:1    | Offered knowledge of Ozocubu's Refrigeration by Vehumet.
 43602 | Elf:1    | Reached XP level 17. HP: 150/160 MP: 26/33
 44625 | Elf:1    | Identified Jehe's Papyrus of Conjuration and Calling
 44879 | Elf:2    | Reached skill level 14 in Earth Magic
 45497 | Spider:1 | Entered Level 1 of the Spider Nest
 46266 | Spider:1 | Noticed Nikola
 46830 | Spider:1 | Offered knowledge of Fire Storm by Vehumet.
 46830 | Spider:1 | Offered knowledge of Glaciate by Vehumet.
 46830 | Spider:1 | Offered knowledge of Ignition by Vehumet.
 47751 | Spider:1 | Killed Nikola
 49171 | Spider:2 | Noticed Arachne
 50073 | Spider:2 | Slain by a wolf spider

Skill      XL: |  1  2  3  4  5  6  7  8  9 10 11 12 13 14 15 16 17 |
---------------+----------------------------------------------------+-----
Conjurations   | 2 3 4 6 7 8 9 10 11 12 13 | 13.9
Dodging        | 2 3 5 6 7 8 9 10 11 | 11.8
Fire Magic     | 4 5 6 7 8 9 10 11 12 13 | 13.9
Fighting       | 1 2 3 5 6 8 9 10 12 | 12.4
Spellcasting   | 3 5 6 7 8 10 12 | 12.6
Long Blades    | 4 8 9 10 | 10.9
Earth Magic    | 11 13 14 | 14.2
Stealth        | |  1.7

Action                   |  1- 3 |  4- 6 |  7- 9 | 10-12 | 13-15 | 16-18 || total
-------------------------+-------+-------+-------+-------+-------+-------++-------
Melee: Spear             |    81 |   210 |   253 |     6 |       |       ||   550
       Unarmed           |     1 |       |       |       |       |       ||     1
       Tailslap          |     3 |     8 |    27 |    38 |    61 |    24 ||   161
       Kick              |       |       |    21 |     4 |       |       ||    25
       Dagger            |       |       |     5 |     4 |    15 |       ||    24
       Broad axe         |       |       |    55 |       |       |       ||    55
       Battleaxe         |       |       |    44 |   323 |     5 |       ||   372
       Staff             |       |       |       |    48 |    81 |     7 ||   136
       Triple sword      |       |       |       |       |   294 |   145 ||   439
       Glaive            |       |       |       |       |    38 |       ||    38
       Scimitar          |       |       |       |       |       |     3 ||     3
 Cast: Flame Tongue      |    18 |    69 |   131 |   181 |   522 |    46 ||   967
       Sticky Flame      |       |     5 |    21 |   118 |   212 |    11 ||   367
       Conjure Flame     |       |     1 |     4 |    20 |    18 |     8 ||    51
       Fireball          |       |       |       |    17 |    90 |    27 ||   134
       Sting             |       |       |       |    12 |    58 |       ||    70
       Ignite Poison     |       |       |       |     1 |     5 |       ||     6
       Mephitic Cloud    |       |       |       |       |    17 |       ||    17
       Iskenderun's Batt |       |       |       |       |   117 |    43 ||   160
       Magic Dart        |       |       |       |       |    21 |       ||    21
       Throw Icicle      |       |       |       |       |    51 |       ||    51
       Iron Shot         |       |       |       |       |    32 |    62 ||    94
       Blink             |       |       |       |       |     3 |     2 ||     5
       Bolt of Fire      |       |       |       |       |       |   363 ||   363
       Orb of Destructio |       |       |       |       |       |     1 ||     1
 Abil: Breathe Noxious F |       |       |       |     4 |    21 |    10 ||    35
       Fly               |       |       |       |     1 |       |       ||     1
  Use: Scroll            |       |       |     9 |    12 |    12 |    13 ||    46
       Potion            |       |       |     2 |     5 |     1 |     9 ||    17
 Stab: Sleeping          |     3 |     9 |     2 |     3 |       |       ||    17
       Distracted        |     1 |       |       |       |       |       ||     1
       Invisible         |       |       |       |     2 |     1 |       ||     3
       Confused          |       |       |       |       |     4 |     1 ||     5
  Eat: Chunk             |     1 |    11 |    21 |    39 |    66 |    27 ||   165
       Fruit             |       |       |     1 |     2 |    14 |    14 ||    31
       Bread ration      |       |       |       |       |       |     1 ||     1
       Royal jelly       |       |       |       |       |       |     1 ||     1
Armor: Skin              |    28 |    72 |   137 |   263 |   363 |   146 ||  1009
Dodge: Dodged            |    42 |   145 |   399 |   686 |   966 |   352 ||  2590
       Rpst.: Triple sword |       |       |       |       |   142 |    30 ||   172
